 Dungeon Crawl Stone Soup version 0.16-a0-3855-gd2600ac (webtiles) character file.

56921 timbw the Carver (level 14, -7/141 HPs)
             Began as a Troll Fighter on Feb 1, 2015.
             Was a High Priest of the Shining One.
             Killed from afar by a deep elf conjurer (29 damage)
             ... with a bolt of lightning
             ... on level 1 of the Elven Halls.
             The game lasted 01:06:18 (11278 turns).

timbw the Carver (Troll Fighter)                   Turns: 11278, Time: 01:06:18

Health: -7/141     AC: 17    Str: 23    XL:     14   Next: 43%
Magic:  18/18      EV: 11    Int:  4    God:    the Shining One [*****.]
Gold:   907        SH: 24    Dex: 16    Spells: 0 memorised, 13 levels left

rFire  . . .     SeeInvis .     w - +1 scimitar (elec)
rCold  + + .     Clarity  .     N - +0 ice dragon armour
rNeg   + + .     SustAb   .     Z - +0 large shield
rPois  .         Gourm    +     q - +2 hat
rElec  .         Spirit   .     o - +0 cloak
rCorr  .         Warding  .     (gloves unavailable)
rMut   .         Stasis   .     (boots unavailable)
MR     +....                    (no amulet)
Stlth  ..........               y - ring of Mecur {Wiz rF+ Str-4 Dex+3 Slay+2}
                                r - +3 ring of evasion

@: divine shield, glowing, studying Long Blades, somewhat resistant to hostile
enchantments, extremely unstealthy
A: unfitting armour, claws 3, fast metabolism 3, gourmand, regeneration 2,
shaggy fur 1, tough skin 2
a: Divine Shield, Cleansing Flame, Summon Divine Warrior, Renounce Religion


You were on level 1 of the Elven Halls.
You worshipped the Shining One.
The Shining One was extremely pleased with you.
You were not hungry.

You visited 5 branches of the dungeon, and saw 26 of its levels.
You also visited: Labyrinth, Sewer, Ossuary and Wizlab.

You collected 1519 gold pieces.
You spent 612 gold pieces at shops.

Inventory:

Hand weapons
 j - a +0 blowgun
 n - a +0 great sword of electrocution
 w - a +1 scimitar of electrocution (weapon)
Missiles
 v - 6 large rocks (quivered)
 Q - 2 javelins
Armour
 a - a +0 mottled dragon armour
 o - a +0 cloak (worn)
 q - a +2 hat (worn)
 K - a +1 fire dragon armour
 N - a +0 ice dragon armour (worn)
 Z - a +0 large shield (worn)
Rods
 S - a +2 iron rod (14/14)
   (You found it on level 8 of the Lair of Beasts)
Jewellery
 e - an uncursed amulet of resist mutation
 r - a +3 ring of evasion (left claw)
 y - the ring of Mecur (right claw) {Wiz rF+ Str-4 Dex+3 Slay+2}
   (You took it off a minotaur in a labyrinth)

   [ring of wizardry]

   It improves your spell success rate.
   It affects your strength (-4).
   It affects your dexterity (+3).
   It affects your accuracy and damage with ranged weapons and melee attacks
   (+2).
   It protects you from fire.
 F - an uncursed amulet of faith
Magical devices
 g - a wand of fireball (4)
 l - a wand of cold (2)
 t - a wand of paralysis (10)
 x - a wand of enslavement (3)
 G - a wand of polymorph (15)
 R - a wand of confusion (31)
Scrolls
 c - a scroll of fog
 h - 4 scrolls of teleportation
 D - 5 scrolls of remove curse
 H - a scroll of magic mapping
 I - 4 scrolls of identify
 M - a scroll of blinking
 T - 4 scrolls of enchant weapon
 V - a scroll of enchant armour
 X - a scroll of vulnerability
Potions
 b - a potion of haste
 i - a potion of resistance
 k - 3 potions of magic
 m - 2 potions of flight
 p - 4 potions of brilliance
 s - 2 potions of lignification
 z - a potion of heal wounds
 A - a potion of restore abilities
 B - a potion of ambrosia
 C - a potion of cure mutation
 E - 4 potions of curing
 O - a potion of cancellation {unknown}
 U - 2 potions of might
 Y - a potion of beneficial mutation {unknown}
Books
 W - a manual of Long Blades
Comestibles
 d - 8 meat rations
 f - 2 bread rations
 J - 3 beef jerkies


   Skills:
 + Level 9.7 Fighting
 - Level 14.5 Long Blades
 - Level 4.2 Throwing
 + Level 5.8 Armour
 + Level 5.0 Dodging
 + Level 9.8 Shields
 - Level 3.0 Invocations
 + Level 5.8 Evocations


You had 13 spell levels left.
You didn't know any spells.

Dungeon Overview and Level Annotations

Branches:
Dungeon (12/15)            Temple (1/1) D:4            Lair (8/8) D:9
  Swamp (0/5) Lair:4        Snake (0/5) Lair:5          Orc (4/4) D:12
    Elf (1/3) Orc:4
  Slime: Lair:6-8

Altars:
Cheibriados
Dithmenos
Elyvilon
Fedhas
Kikubaaqudgha
Makhleb
Nemelex Xobeh
Okawaru
Qazlal
Ru
Trog
Vehumet
Xom
Yredelemnul
Zin
The Shining One
Beogh

Shops:
D:5 *   Orc:3 (   Orc:4 :(*[*

Portals:
Hell: Lair:8

Annotations:
D:8 Psyche
Lair:6 Rupert
Orc:1 exclusion: oklob plant


Innate Abilities, Weirdness & Mutations

You are too large for most types of armour.
You have claws for hands.
Your metabolism is lightning-fast.
You like to eat raw meat.
You heal very quickly.
You are covered in fur (AC +1).
You have very tough skin (AC +2).


Message History

* * * LOW HITPOINT WARNING * * *
You slash the deep elf conjurer!
There is a sudden explosion of sparks!
You kill the deep elf conjurer!
The Shining One accepts your kill.
You feel a little better.
You feel your power returning.
You slash the deep elf conjurer!
There is a sudden explosion of sparks!
The deep elf conjurer is severely wounded.
You slash the deep elf conjurer!
The deep elf conjurer is almost dead.
You block the deep elf conjurer's attack.
You hit the deep elf conjurer.
You kill the deep elf conjurer!
The Shining One accepts your kill.
You feel a little better.
You feel your power returning.
Your life force feels restored.
The deep elf conjurer casts a spell at you.
The bolt of lightning hits you!
* * * LOW HITPOINT WARNING * * *
The bolt of lightning hits you!
You die...

#######################*****
...............#..#.#.#.*,,*
........>........#.#...#,*,*
...............##.#.#.#,*,,*
####.#..#######..#.#...#,,,*
,.(#....+....e.##e#.#.#,*,,*
.*.###..#......#@).#.#.#.,,*
.e,..#..#..e...#..#...#.#,,*
#..#.#.e#e.e...#.#.#.....*,*
*#...#.e.##+####..#.#.#..,,*
,+...'.#.......#∩..#...#.*,*
*#..e#.........#######.#.*,*
#..#.#..#####+##,,,,,,,,,,,*
..,..#..#,,...,*,,,,,,,,,,**
.*.###..#,,,...*,,,,,,,,,**


You could see a deep elf conjurer.

Vanquished Creatures
  2 orc warlords
  A minotaur (Lab)
  Fannar (Orc:2)
  5 hydras (Lair:8)
  2 orc high priests (Orc:4)
  A death yak (Lair:8)
  A sun demon (Lair:8)
  2 deep trolls (Orc:2)
  2 deep elf summoners (Elf:1)
  A wizard (Lair:8)
  3 hill giants
  Pikel (D:7)
  3 deep elf conjurers (Elf:1)
  4 orc knights (Orc:4)
  3 orc sorcerers
  An ugly thing (D:12)
  4 molten gargoyles (D:10)
  A smoke demon (Lair:8)
  Joseph (D:12)
  11 elephants
  3 black mambas
  5 komodo dragons
  4 orange demons (Lair:8)
  7 spiny frogs
  A two-headed ogre (Orc:2)
  A hellwing (Lair:8)
  3 red devils (Lair:8)
  3 fire drakes
  5 trolls
  3 blue devils (Lair:8)
  A polar bear (Lair:6)
  Grinder (D:3)
  4 slime creatures
  2 basilisks
  7 blink frogs
  23 yaks
  A wraith (D:9)
  4 air elementals (Elf:1)
  A deep elf mage (Elf:1)
  2 hungry ghosts (D:10)
  6 hippogriffs
  2 wargs
  An insubstantial wisp (Elf:1)
  Edmund (D:7)
  3 vampire mosquitoes (D:12)
  11 porcupines
  22 wolves
  4 swamp worms (Lair:4)
  8 water moccasins
  29 orc warriors
  A wasp (D:9)
  10 ogres
  2 sky beasts
  13 centaurs
  9 crocodiles
  6 big kobolds
  10 giant frogs
  A boring beetle (Lair:8)
  2 elf zombies (Ossuary)
  Blork the orc (D:7)
  4 wights (D:11)
  7 crimson imps
  A lava snake (D:10)
  5 hounds
  2 jellies (Lair:8)
  15 orc priests
  A gnoll shaman (D:9)
  A human zombie (Ossuary)
  A centaur skeleton (D:10)
  A giant frog skeleton (D:9)
  Natasha (D:3)
  A hell rat (Elf:1)
  21 orc wizards
  5 iguanas
  6 worker ants
  7 sheep (Lair:8)
  Ijyb (D:3)
  A hound skeleton (D:9)
  3 mummies (Ossuary)
  2 worker ant zombies (D:10)
  19 adders
  7 gnolls
  2 shadow imps
  A giant mite (D:3)
  53 river rats
  5 worms
  7 adder zombies (Ossuary)
  2 giant geckos
  5 oozes
  139 orcs
  2 ball pythons
  2 giant cockroaches
  5 gnoll zombies (Ossuary)
  9 goblins
  9 hobgoblins
  8 quokkas
  4 bats
  2 giant newts
  A goblin zombie (Ossuary)
  5 hobgoblin zombies (Ossuary)
  2 jackal zombies (Ossuary)
  18 kobolds
  3 kobold zombies (Ossuary)
  4 quokka zombies (Ossuary)
  4 rats
  A rat zombie (Ossuary)
  2 ballistomycetes (D:6)
  2 fungi (Lair:8)
  A plant (Lair:6)
683 creatures vanquished.

Vanquished Creatures (others)
  A crocodile (Lair:8)
  A worker ant (D:7)
  A hell rat (Elf:1)
  2 orcs (Orc:3)
  A ball python (D:7)
  A giant spore (D:6)
  A rat (D:6)
  4 fungi
12 creatures vanquished.

Grand Total: 695 creatures vanquished

Notes
Turn   | Place    | Note
--------------------------------------------------------------
     0 | D:1      | timbw, the Troll Fighter, began the quest for the Orb.
     0 | D:1      | Reached XP level 1. HP: 22/22 MP: 1/1
     7 | D:2      | Reached XP level 2. HP: 25/29 MP: 1/1
   105 | D:3      | Reached XP level 3. HP: 32/36 MP: 2/2
   112 | D:3      | Found a glowing drain.
   116 | Sewer    | Entered a sewer
   134 | Sewer    | Reached skill level 3 in Long Blades
   199 | Sewer    | Reached XP level 4. HP: 41/44 MP: 2/2
   219 | Sewer    | Noticed a big kobold
   219 | Sewer    | Noticed a big kobold
   242 | Sewer    | HP: 1/44 [big kobold (5)]
   247 | Sewer    | HP: 2/44 [big kobold/stone (1)]
   282 | Sewer    | Killed a big kobold
   282 | Sewer    | Reached skill level 4 in Long Blades
   282 | Sewer    | Reached XP level 5. HP: 20/50 MP: 2/2
   291 | Sewer    | Killed a big kobold
   358 | Sewer    | Reached skill level 5 in Long Blades
   420 | Sewer    | Noticed a big kobold
   484 | Sewer    | Noticed a big kobold
   505 | Sewer    | Killed a big kobold
   505 | Sewer    | Reached XP level 6. HP: 56/59 MP: 3/3
   515 | Sewer    | Killed a big kobold
   582 | D:3      | Noticed Natasha
   593 | D:3      | Killed Natasha
   600 | D:3      | Noticed Grinder
   610 | D:3      | Killed Grinder
   610 | D:3      | Reached skill level 6 in Long Blades
   610 | D:3      | Reached XP level 7. HP: 45/66 MP: 3/3
   629 | D:3      | Noticed Ijyb
   644 | D:3      | Killed Ijyb
   644 | D:3      | Reached skill level 7 in Long Blades
   716 | D:4      | Found a staircase to the Ecumenical Temple.
   724 | Temple   | Entered the Ecumenical Temple
  1004 | D:5      | Entered Level 5 of the Dungeon
  1151 | D:5      | Found Wasigai's Assorted Antiques.
  1562 | D:5      | Reached XP level 8. HP: 70/74 MP: 3/3
  1604 | D:6      | Reached skill level 8 in Long Blades
  1816 | D:6      | Found a glowing golden altar of the Shining One.
  1823 | D:6      | Became a worshipper of the Shining One
  1840 | D:7      | Found an iron altar of Okawaru.
  1846 | D:7      | Noticed Blork the orc
  1884 | D:7      | Killed Blork the orc
  1987 | D:7      | Noticed Edmund
  2017 | D:7      | Killed Edmund
  2017 | D:7      | Reached skill level 9 in Long Blades
  2054 | D:7      | Found a glowing silver altar of Zin.
  2057 | D:7      | Noticed Pikel
  2084 | D:7      | HP: 2/74 [Pikel/wand of cold (20)]
  2163 | D:7      | Killed Pikel
  2163 | D:7      | Reached XP level 9. HP: 29/83 MP: 4/4
  2427 | D:8      | Found a sand-covered staircase.
  2436 | Ossuary  | Entered an ossuary
  2446 | Ossuary  | Acquired the Shining One's first power
  2508 | Ossuary  | Acquired the Shining One's second power
  2801 | D:8      | Found a sparkling altar of Nemelex Xobeh.
  2874 | D:8      | Noticed Psyche
  2897 | D:9      | Noticed a hill giant
  2915 | D:9      | Found a staircase to the Lair.
  2923 | D:9      | Noticed a komodo dragon
  2947 | D:10     | Entered Level 10 of the Dungeon
  3012 | D:10     | Reached skill level 10 in Long Blades
  3081 | D:10     | Acquired the Shining One's third power
  3145 | D:10     | Noticed a molten gargoyle
  3496 | D:9      | Killed a hill giant
  3630 | D:9      | Reached XP level 10. HP: 94/94 MP: 4/4
  3767 | D:11     | Reached skill level 5 in Fighting
  3780 | D:11     | Reached skill level 1 in Invocations
  3856 | D:11     | Noticed a hill giant
  3869 | D:11     | Killed a hill giant
  3869 | D:11     | Reached skill level 5 in Shields
  3886 | D:11     | Noticed a hill giant
  3938 | D:11     | Killed a hill giant
  3938 | D:11     | Reached skill level 11 in Long Blades
  4374 | D:9      | Killed a komodo dragon
  4379 | Lair:1   | Entered Level 1 of the Lair of Beasts
  4681 | Lair:2   | Reached XP level 11. HP: 86/105 MP: 7/10
  5007 | Lair:3   | Reached skill level 12 in Long Blades
  5041 | Lair:3   | Found a labyrinth entrance.
  5049 | Lab      | Entered a labyrinth
  5220 | Lab      | Noticed a minotaur
  5236 | Lab      | Killed a minotaur
  5238 | Lab      | Got a flickering iron ring
  5247 | Lab      | Identified the ring of Mecur {Wiz rF+ Str-4 Dex+3 Slay+2} (You took it off a minotaur in a labyrinth)
  5253 | Lab      | Identified the Grimoire of Companions and Transmutation (You found it in a labyrinth)
  5470 | Lair:4   | Found a staircase to the Swamp.
  5626 | Lair:5   | Found a staircase to the Snake Pit.
  5764 | Lair:5   | Reached skill level 13 in Long Blades
  5868 | Lair:5   | Acquired the Shining One's fourth power
  6077 | Lair:5   | Reached XP level 12. HP: 61/118 MP: 11/11
  6156 | Lair:6   | Identified a scroll of acquirement
  6314 | Lair:6   | Noticed Rupert
  6386 | Lair:6   | Reached skill level 14 in Long Blades
  6504 | Lair:6   | Paralysed by Rupert for 6 turns
  6513 | Lair:6   | Paralysed by Rupert for 2 turns
  6683 | Lair:7   | Noticed a four-headed hydra
  6720 | Lair:7   | Noticed a four-headed hydra
  6756 | Lair:8   | Entered Level 8 of the Lair of Beasts
  6887 | Lair:8   | Reached skill level 1 in Evocations
  6892 | Lair:8   | Reached skill level 1 in Dodging
  6994 | Lair:8   | Reached skill level 1 in Throwing
  7002 | Lair:8   | Noticed an eight-headed hydra
  7031 | Lair:8   | Killed a nine-headed hydra
  7400 | Lair:8   | Noticed a five-headed hydra
  7407 | Lair:8   | Killed a five-headed hydra
  7407 | Lair:8   | Reached XP level 13. HP: 90/128 MP: 12/12
  7547 | Lair:8   | Noticed a five-headed hydra
  7552 | Lair:8   | Killed a five-headed hydra
  7594 | Lair:8   | HP: 4/128 [fire crab] (12)]
  7803 | Lair:8   | Noticed a seven-headed hydra
  7809 | Lair:8   | Killed a seven-headed hydra
  7886 | Lair:8   | Noticed a four-headed hydra
  7893 | Lair:8   | Killed a four-headed hydra
  8012 | Lair:8   | Found a burning altar of Makhleb.
  8140 | Lair:8   | Found a gateway to Hell.
  8462 | D:9      | Found an iron altar of Okawaru.
  8618 | D:10     | Noticed a molten gargoyle
  8631 | D:10     | Killed a molten gargoyle
  8640 | D:10     | Noticed a molten gargoyle
  8640 | D:10     | Noticed a molten gargoyle
  8673 | D:10     | Killed a molten gargoyle
  8678 | D:10     | Killed a molten gargoyle
  8686 | D:10     | Killed a molten gargoyle
  9034 | D:12     | Noticed Joseph
  9060 | D:12     | Killed Joseph
  9107 | D:12     | Found a roughly hewn altar of Beogh.
  9116 | D:12     | Found a staircase to the Orcish Mines.
  9221 | D:12     | Noticed a green ugly thing
  9237 | D:12     | Killed a green ugly thing
  9312 | Orc:1    | Entered Level 1 of the Orcish Mines
  9339 | Orc:1    | Found a bloodstained altar of Trog.
  9614 | Orc:3    | Found a staircase to the Elven Halls.
  9761 | Orc:2    | Noticed Fannar
  9785 | Orc:2    | Killed Fannar
  9829 | Orc:2    | Found a roughly hewn altar of Beogh.
  9834 | Orc:2    | Noticed an orc warlord
  9859 | Orc:2    | Killed an orc warlord
  9859 | Orc:2    | Reached skill level 5 in Armour
  9862 | Orc:2    | Reached skill level 5 in Evocations
  9862 | Orc:2    | Reached XP level 14. HP: 120/140 MP: 14/16
  9990 | Orc:4    | Entered Level 4 of the Orcish Mines
  9998 | Orc:4    | Found Ekirici's Antique Armour Shoppe.
 10032 | Orc:4    | HP: 7/140 [orc warrior/halberd (12)]
 10214 | Orc:3    | Found Graan's Antique Weapon Boutique.
 10236 | Orc:3    | Bought a glowing long sword for 126 gold pieces
 10330 | Orc:4    | Found Tiask's Book Emporium.
 10336 | Orc:4    | Paralysed by an orc sorcerer for 3 turns
 10570 | Orc:4    | Found Klaemm's Antique Weapon Boutique.
 10639 | Orc:4    | Bought a smoking long sword for 212 gold pieces
 10639 | Orc:4    | Bought a runed long sword for 87 gold pieces
 10643 | Orc:4    | Identified the +3 long sword of Objectivity {venom, rN+ MR+} (You bought it in a shop on level 4 of the Orcish Mines)
 10666 | Orc:4    | Noticed an orc warlord
 10707 | Orc:4    | Killed an orc warlord
 10787 | Orc:4    | Found Lauson's General Store.
 10794 | Orc:4    | Bought a scroll of magic mapping for 38 gold pieces
 10794 | Orc:4    | Found a staircase to the Elven Halls.
 10811 | Orc:4    | Found a bloodstained altar of Trog.
 10846 | Orc:4    | Found Vibuf's General Store.
 10857 | Orc:4    | Bought a scroll of enchant weapon for 97 gold pieces
 10857 | Orc:4    | Bought a scroll of identify for 26 gold pieces
 10857 | Orc:4    | Bought a scroll of identify for 26 gold pieces
 10899 | Elf:1    | Entered Level 1 of the Elven Halls
 11145 | Elf:1    | Found a magical portal.
 11152 | WizLab   | Entered The Chambers of Eceoko the Cloud Mage
 11179 | Elf:1    | Reached skill level 5 in Dodging
 11278 | Elf:1    | Killed from afar by a deep elf conjurer

Action                   |  1- 3 |  4- 6 |  7- 9 | 10-12 | 13-15 || total
-------------------------+-------+-------+-------+-------+-------++-------
Melee: Long sword        |    62 |   135 |   688 |   686 |       ||  1571
       Scimitar          |       |       |       |   351 |   815 ||  1166
Throw: Throwing net      |       |       |     1 |       |       ||     1
       Javelin           |       |       |     2 |     5 |       ||     7
       Large rock        |       |       |       |    11 |    14 ||    25
Invok: Divine Shield     |       |       |       |     4 |     4 ||     8
       Cleansing Flame   |       |       |       |       |     2 ||     2
Evoke: Wand              |       |       |       |     6 |       ||     6
       Rod               |       |       |       |       |     1 ||     1
  Use: Potion            |       |     4 |     4 |     2 |     5 ||    15
       Scroll            |       |       |    16 |    16 |     9 ||    41
 Stab: Distracted        |       |       |       |     1 |       ||     1
  Eat: Chunk             |     2 |     6 |    28 |    36 |    26 ||    98
       Meat ration       |       |       |       |     1 |       ||     1
       Beef jerky        |       |       |       |       |     2 ||     2
       Bread ration      |       |       |       |       |     1 ||     1
